[Event "Bruges Masters 2018"]
[Site "Brugge"]
[Date "2018.08.16"]
[Round "1"]
[White "Turner, Matthew J"]
[Black "Villiers, Thomas"]
[Result "1-0"]
[ECO "A41"]
[WhiteElo "2533"]
[BlackElo "2164"]
[Annotator "ChessBase"]
[PlyCount "93"]
[EventDate "2018.08.12"]
[EventType "swiss"]
[EventCountry "BEL"]
[SourceTitle "playchess.com"]
[Source "ChessBase"]
[SourceQuality "1"]
[TimeControl "5400+30"]

1. d4 g6 2. Nf3 Bg7 3. c4 d6 4. g3 b6 5. Bg2 Bb7 6. d5 e5 7. dxe6 fxe6 8. O-O Qe7 9. Bh3 Nc6 10. Qa4 Nh6 11. Bxh6 Bxb2 12. Nbd2 Bxa1 13. Rxa1 O-O-O 14. Nb3 Rde8 15. Rd1 Kb8 16. Nbd4 Nd8 17. Bg5 Qf7 18. Bxd8 Rxd8 19. Nc6+ Bxc6 20. Qxc6 Qe8 21. Nd4 e5 22. Bg2 Qxc6 23. Nxc6+ Kc8 24. Nxd8 Kxd8 25. Bc6 Ke7 26. Kg2 Rf8 27. e3 g5 28. Bf3 Kd7 29. h4 gxh4 30. Rh1 h6 31. Rxh4 Rf6 32. Rg4 Ke7 33. Bd5 a5 34. Rg7+ Kd8 35. a4 h5 36. Rh7 Rf5 37. Bc6 Rg5 38. Rd7+ Kc8 39. Re7 Rg8 40. Rh7 Kd8 41. Rxh5 Rg7 42. f4 exf4 43. exf4 Ke7 44. Kf3 Kf6 45. Rh6+ Kf5 46. Bd7+ Rxd7 47. g4# {[%emt 0:00:03] Ke4+ Kxe4*} 1-0

[Event "Bruges Masters 2018"]
[Site "Brugge"]
[Date "2018.08.16"]
[Round "1"]
[White "Wan, Yunguo"]
[Black "Mesman, Edwyn"]
[Result "1-0"]
[ECO "B94"]
[WhiteElo "2501"]
[BlackElo "2154"]
[Annotator "ChessBase"]
[PlyCount "41"]
[EventDate "2018.08.12"]
[EventType "swiss"]
[EventCountry "BEL"]
[SourceTitle "playchess.com"]
[Source "ChessBase"]
[SourceQuality "1"]
[TimeControl "5400+30"]

1. e4 c5 2. Nf3 d6 3. d4 cxd4 4. Nxd4 Nf6 5. Nc3 a6 6. Bg5 Nbd7 7. Qe2 h6 8. Bh4 g6 9. f4 e5 10. fxe5 dxe5 11. O-O-O Qc7 12. Nb3 b5 13. Rxd7 Nxd7 14. Nd5 Qb8 15. Na5 Bb7 16. Nf6+ Ke7 17. Qf3 g5 18. Nxd7 Qd6 19. Nxf8 gxh4 20. Nxb7 Qb6 21. Bc4 1-0

[Event "Bruges Masters 2018"]
[Site "Brugge"]
[Date "2018.08.16"]
[Round "1"]
[White "Koziak, Vitali"]
[Black "Luminet, Denis"]
[Result "1-0"]
[ECO "D37"]
[WhiteElo "2476"]
[BlackElo "2144"]
[Annotator "ChessBase"]
[PlyCount "26"]
[EventDate "2018.08.12"]
[EventType "swiss"]
[EventCountry "BEL"]
[SourceTitle "playchess.com"]
[Source "ChessBase"]
[SourceQuality "1"]
[TimeControl "5400+30"]

1. d4 e6 2. c4 Nf6 3. Nf3 d5 4. Nc3 Nbd7 5. Bf4 Bb4 6. e3 c5 7. Qb3 Qa5 8. Rc1 cxd4 9. exd4 O-O 10. c5 Ne4 11. a3 Bxc3+ 12. bxc3 Ndf6 13. Bd3 Bd7 1-0

[Event "Bruges Masters 2018"]
[Site "Brugge"]
[Date "2018.08.16"]
[Round "1"]
[White "Geirnaert, Steven"]
[Black "Verduyn, Frederic"]
[Result "1-0"]
[ECO "B07"]
[WhiteElo "2427"]
[BlackElo "2125"]
[Annotator "ChessBase"]
[PlyCount "29"]
[EventDate "2018.08.12"]
[EventType "swiss"]
[EventCountry "BEL"]
[SourceTitle "playchess.com"]
[Source "ChessBase"]
[SourceQuality "1"]
[TimeControl "5400+30"]

1. d4 d6 2. e4 Nf6 3. f3 d5 4. e5 Ng8 5. Bd3 c5 6. c3 Nc6 7. Ne2 Qb6 8. Na3 cxd4 9. cxd4 a6 10. Nc2 e6 11. a3 Bd7 12. b4 Nge7 13. f4 Nf5 14. O-O h5 15. Kh1 1-0

[Event "Bruges Masters 2018"]
[Site "Brugge"]
[Date "2018.08.16"]
[Round "1"]
[White "Shyaamnikhil P"]
[Black "Russell, Christopher"]
[Result "1-0"]
[ECO "C00"]
[WhiteElo "2389"]
[BlackElo "2117"]
[Annotator "NA"]
[PlyCount "38"]
[EventDate "2018.08.12"]
[EventType "swiss"]
[EventCountry "BEL"]
[SourceTitle "playchess.com"]
[Source "ChessBase"]
[SourceQuality "1"]
[TimeControl "5400+30"]

1. g3 e6 2. Bg2 Nf6 3. Nf3 d5 4. O-O Be7 5. d3 O-O 6. Nbd2 c5 7. e4 Nc6 8. Re1 b5 9. e5 Nd7 10. Nf1 b4 11. h4 a5 12. N1h2 Re8 13. h5 h6 14. Bf4 Nf8 15. c4 bxc3 16. bxc3 Rb8 17. Ng4 Nh7 18. Nfh2 Bf8 19. c4 Nd4 1-0

[Event "Bruges Masters 2018"]
[Site "Brugge"]
[Date "2018.08.16"]
[Round "1"]
[White "Beckett, Chris J"]
[Black "Dgebuadze, Alexandre"]
[Result "0-1"]
[ECO "C02"]
[WhiteElo "2155"]
[BlackElo "2511"]
[Annotator "ChessBase"]
[PlyCount "32"]
[EventDate "2018.08.12"]
[EventType "swiss"]
[EventCountry "BEL"]
[SourceTitle "playchess.com"]
[Source "ChessBase"]
[SourceQuality "1"]
[TimeControl "5400+30"]

1. d4 e6 2. e4 d5 3. e5 c5 4. Nf3 cxd4 5. Bd3 Nc6 6. O-O Nge7 7. Bf4 Qb6 8. Nbd2 Ng6 9. Bg3 Nb4 10. Nb3 Nxd3 11. Qxd3 h5 12. Nh4 Ne7 13. Bf4 Bd7 14. Nxd4 Nc6 15. Nhf3 Be7 16. Rfe1 Rc8 0-1

[Event "Bruges Masters 2018"]
[Site "Brugge"]
[Date "2018.08.16"]
[Round "1"]
[White "Galunova, Tsveta"]
[Black "Van Foreest, Lucas"]
[Result "0-1"]
[ECO "E21"]
[WhiteElo "2148"]
[BlackElo "2488"]
[Annotator "ChessBase"]
[PlyCount "32"]
[EventDate "2018.08.12"]
[EventType "swiss"]
[EventCountry "BEL"]
[SourceTitle "playchess.com"]
[Source "ChessBase"]
[SourceQuality "1"]
[TimeControl "5400+30"]

1. d4 Nf6 2. c4 e6 3. Nc3 Bb4 4. Qc2 b6 5. Nf3 Bb7 6. Bd2 O-O 7. a3 Bxc3 8. Bxc3 Ne4 9. g3 Nxc3 10. Qxc3 c5 11. Bg2 cxd4 12. Qxd4 Nc6 13. Qf4 Rc8 14. Rc1 Na5 15. O-O Bxf3 16. Bxf3 Qf6 0-1

[Event "Bruges Masters 2018"]
[Site "Brugge"]
[Date "2018.08.16"]
[Round "1"]
[White "Jicman, Ligia-Letitia"]
[Black "Lai, Hing Ting"]
[Result "0-1"]
[ECO "B15"]
[WhiteElo "2134"]
[BlackElo "2459"]
[Annotator "ChessBase"]
[PlyCount "36"]
[EventDate "2018.08.12"]
[EventType "swiss"]
[EventCountry "BEL"]
[SourceTitle "playchess.com"]
[Source "ChessBase"]
[SourceQuality "1"]
[TimeControl "5400+30"]

1. e4 g6 2. d4 Bg7 3. Nf3 c6 4. Nc3 d5 5. Bf4 Bg4 6. exd5 cxd5 7. Nb5 Na6 8. c3 Nf6 9. h3 Bf5 10. Be2 O-O 11. O-O h6 12. Bh2 g5 13. Ne5 Nd7 14. f4 f6 15. Nd3 Qb6 16. a4 e5 17. fxg5 fxg5 18. Nxe5 Bxe5 0-1

[Event "Bruges Masters 2018"]
[Site "Brugge"]
[Date "2018.08.16"]
[Round "1"]
[White "Den Hartog, Marijn"]
[Black "Chernov, Vadim"]
[Result "1-0"]
[ECO "C00"]
[WhiteElo "2118"]
[BlackElo "2412"]
[Annotator "ChessBase"]
[PlyCount "28"]
[EventDate "2018.08.12"]
[EventType "swiss"]
[EventCountry "BEL"]
[SourceTitle "playchess.com"]
[Source "ChessBase"]
[SourceQuality "1"]
[TimeControl "5400+30"]

1. e4 c5 2. Nf3 e6 3. g3 Nc6 4. Bg2 Nf6 5. Qe2 Be7 6. c3 d5 7. e5 Nd7 8. O-O Qc7 9. d4 b6 10. Bf4 g5 11. Bxg5 Bxg5 12. Nxg5 cxd4 13. Qh5 Nf8 14. c4 Nd8 1-0

[Event "Bruges Masters 2018"]
[Site "Brugge"]
[Date "2018.08.16"]
[Round "1"]
[White "Altea, Alessandro"]
[Black "Gonzales, Jayson"]
[Result "0-1"]
[ECO "B12"]
[WhiteElo "2116"]
[BlackElo "2383"]
[Annotator "NA"]
[PlyCount "40"]
[EventDate "2018.08.12"]
[EventType "swiss"]
[EventCountry "BEL"]
[SourceTitle "playchess.com"]
[Source "ChessBase"]
[SourceQuality "1"]
[TimeControl "5400+30"]

1. e4 c6 2. d4 d5 3. e5 c5 4. dxc5 e6 5. a3 Bxc5 6. b4 Bb6 7. Nf3 Ne7 8. Bb2 Nbc6 9. Bd3 Ng6 10. O-O O-O 11. Re1 Nf4 12. Bf1 f6 13. exf6 gxf6 14. c4 e5 15. Bc1 dxc4 16. Bxf4 Qxd1 17. Bxc4+ Kh8 18. Rxd1 exf4 19. h3 Ne5 20. Be2 Be6 0-1

[Event "Bruges Masters 2018"]
[Site "Brugge"]
[Date "2018.08.16"]
[Round "2"]
[White "Zeng, Chongsheng"]
[Black "Rajesh, V A V"]
[Result "1/2-1/2"]
[ECO "D03"]
[WhiteElo "2539"]
[BlackElo "2325"]
[Annotator "ChessBase"]
[PlyCount "133"]
[EventDate "2018.08.12"]
[EventType "swiss"]
[EventCountry "BEL"]
[SourceTitle "playchess.com"]
[Source "ChessBase"]
[SourceQuality "1"]
[TimeControl "5400+30"]

1. d4 Nf6 2. Nf3 g6 3. Bg5 Bg7 4. Nbd2 d5 5. e3 O-O 6. Rc1 c6 7. c4 Ne4 8. Bh4 Bf6 9. Bxf6 exf6 10. Bd3 Nxd2 11. Nxd2 Be6 12. O-O Nd7 13. Qb3 Qb6 14. Qc3 f5 15. cxd5 Bxd5 16. f3 Rad8 17. Kh1 Nf6 18. b3 Rfe8 19. Rce1 Be6 20. Nc4 Nd5 21. Qb2 Qb4 22. a3 Qe7 23. b4 Nb6 24. Na5 Rd7 25. Qf2 Qd6 26. Qg3 f4 27. exf4 Qxd4 28. Bb1 Rde7 29. f5 Bc4 30. fxg6 hxg6 31. Rxe7 Rxe7 32. Rg1 Nd5 33. Qd6 Bd3 34. Qc5 Qxc5 35. bxc5 Bb5 36. h4 b6 37. Nb3 Re3 38. cxb6 axb6 39. Nd4 Ba4 40. Be4 c5 41. Nf5 gxf5 42. Bxd5 Rxa3 43. Re1 Rd3 44. Re5 Bb3 45. Bxb3 Rxb3 46. Kg1 Rb2 47. Kf1 c4 48. Ke1 f4 49. Kd1 c3 50. Re8+ Kg7 51. Rc8 Rd2+ 52. Kc1 Rxg2 53. Rxc3 Rg6 54. Rb3 Kh6 55. Rb4 Rf6 56. Rb5 Kg6 57. Rg5+ Kh6 58. Rb5 Rc6+ 59. Kd2 Rc5 60. Rxb6+ Kh5 61. Rf6 Rc4 62. Rxf7 Kxh4 63. Rg7 Kh5 64. Kd3 Ra4 65. Rg8 Kh6 66. Rd8 Kg5 67. Rg8+ 1/2-1/2

[Event "Bruges Masters 2018"]
[Site "Brugge"]
[Date "2018.08.16"]
[Round "2"]
[White "Dgebuadze, Alexandre"]
[Black "Tomov, Georgi"]
[Result "1/2-1/2"]
[ECO "D30"]
[WhiteElo "2511"]
[BlackElo "2307"]
[Annotator "RC"]
[PlyCount "87"]
[EventDate "2018.08.12"]
[EventType "swiss"]
[EventCountry "BEL"]
[SourceTitle "playchess.com"]
[Source "ChessBase"]
[SourceQuality "1"]
[TimeControl "5400+30"]

1. c4 e6 2. Nf3 d5 3. e3 Nf6 4. d4 Be7 5. Nbd2 O-O 6. Bd3 c5 7. O-O cxd4 8. exd4 Nc6 9. Re1 b6 10. a3 Bb7 11. b4 dxc4 12. Nxc4 Rc8 13. b5 Nb8 14. Bg5 Nbd7 15. Rc1 Re8 16. Nfe5 Nf8 17. Qa4 Nd5 18. Bd2 Bg5 19. Qxa7 Rc7 20. Ne3 Bxe3 21. fxe3 f6 22. Rxc7 Qxc7 23. Rc1 Qe7 24. Nc6 Qd7 25. Qa4 Ng6 26. Qc2 Rc8 27. Bxg6 hxg6 28. Qxg6 Bxc6 29. bxc6 Rxc6 30. Rxc6 Qxc6 31. Qd3 b5 32. e4 Nb6 33. h3 Nc4 34. Bb4 Nb2 35. Qd2 Nc4 36. Qe2 Qb6 37. Bc5 Qc6 38. Bb4 Qb6 39. Qf2 Qc6 40. Qf4 Qb6 41. Bc5 Qc6 42. Kh1 e5 43. Qf3 Nd2 {[%emt 0:05:36] Qe3Nxe4 [%clk 0:00:00]} 44. Qd3 {[%emt 0:01:07] Nd2 [%clk 0:00:00]} 1/2-1/2

[Event "Bruges Masters 2018"]
[Site "Brugge"]
[Date "2018.08.16"]
[Round "2"]
[White "Van Foreest, Lucas"]
[Black "Ehmann, Thilo"]
[Result "1-0"]
[ECO "C54"]
[WhiteElo "2488"]
[BlackElo "2303"]
[Annotator "ChessBase"]
[PlyCount "85"]
[EventDate "2018.08.12"]
[EventType "swiss"]
[EventCountry "BEL"]
[SourceTitle "playchess.com"]
[Source "ChessBase"]
[SourceQuality "1"]
[TimeControl "5400+30"]

1. e4 e5 2. Nf3 Nc6 3. Bc4 Nf6 4. d3 Bc5 5. c3 d6 6. Nbd2 O-O 7. h3 a6 8. Bb3 Be6 9. Bc2 Ba7 10. Nf1 d5 11. Qe2 h6 12. g4 dxe4 13. dxe4 b5 14. Ne3 Nd7 15. Rg1 Ne7 16. Nf5 Ng6 17. g5 h5 18. Nh2 Nc5 19. Qxh5 Nd3+ 20. Bxd3 Qxd3 21. Qf3 Rfd8 22. Qxd3 Rxd3 23. Rg3 Rad8 24. Be3 Bxe3 25. Nxe3 Rd2 26. Nd5 Rxb2 27. O-O-O Rxf2 28. Nf6+ gxf6 29. Rxd8+ Kg7 30. gxf6+ Kxf6 31. Rf3+ Rxf3 32. Nxf3 Bxa2 33. Ra8 Be6 34. Rxa6 Ke7 35. Ra7 Kd7 36. Ng5 Bc4 37. Kd2 Nh4 38. Ra6 c5 39. Ra7+ Ke8 40. Rc7 Bf1 41. Nxf7 Ng6 42. Nd6+ Kf8 43. Rf7+ 1-0

[Event "Bruges Masters 2018"]
[Site "Brugge"]
[Date "2018.08.16"]
[Round "2"]
[White "Lai, Hing Ting"]
[Black "Dardha, Daniel"]
[Result "1/2-1/2"]
[ECO "A47"]
[WhiteElo "2459"]
[BlackElo "2302"]
[Annotator "ChessBase"]
[PlyCount "59"]
[EventDate "2018.08.12"]
[EventType "swiss"]
[EventCountry "BEL"]
[SourceTitle "playchess.com"]
[Source "ChessBase"]
[SourceQuality "1"]
[TimeControl "5400+30"]

1. d4 Nf6 2. Nf3 e6 3. Bf4 b6 4. e3 Bb7 5. Nbd2 Be7 6. h3 O-O 7. Bd3 c5 8. O-O cxd4 9. exd4 d6 10. Re1 Nbd7 11. c3 Re8 12. Bh2 Bf8 13. a4 a6 14. b4 Rc8 15. Qb3 e5 16. dxe5 Nxe5 17. Be2 Qc7 18. Nxe5 dxe5 19. Rac1 Nd5 20. Bf3 Nf4 21. Bxf4 exf4 22. Rxe8 Rxe8 23. Bxb7 Qxb7 24. Qc4 Qd7 25. Qxf4 Qxa4 26. Nf3 Qd7 27. Ra1 Qd3 28. Qd2 Qb5 29. Qa2 a5 30. bxa5 1/2-1/2

[Event "Bruges Masters 2018"]
[Site "Brugge"]
[Date "2018.08.16"]
[Round "2"]
[White "Gonzales, Jayson"]
[Black "Nabuurs, Mart"]
[Result "1-0"]
[ECO "A14"]
[WhiteElo "2383"]
[BlackElo "2248"]
[Annotator "NA"]
[PlyCount "119"]
[EventDate "2018.08.12"]
[EventType "swiss"]
[EventCountry "BEL"]
[SourceTitle "playchess.com"]
[Source "ChessBase"]
[SourceQuality "1"]
[TimeControl "5400+30"]

1. Nf3 d5 2. c4 e6 3. g3 Nf6 4. Bg2 Be7 5. O-O O-O 6. b3 b6 7. Bb2 Bb7 8. e3 dxc4 9. bxc4 c5 10. Nc3 Nc6 11. Qe2 Qc8 12. Rad1 Rd8 13. d3 Ne8 14. Ne1 a6 15. Ba1 Na5 16. f4 Bxg2 17. Nxg2 Rb8 18. f5 exf5 19. Nd5 Bf8 20. Nh4 Nd6 21. Qh5 Qe6 22. e4 f6 23. exf5 Qf7 24. Qg4 Ne8 25. Rfe1 Rxd5 26. cxd5 Qxd5 27. Qe2 Nc7 28. Qg2 Rd8 29. g4 Nc6 30. Qxd5+ Rxd5 31. Ng2 Nb4 32. Nf4 Rd7 33. Ne6 Ncd5 34. Re2 Bd6 35. g5 fxg5 36. Nxg5 Re7 37. Ne6 Nc6 38. Kh1 Nf4 39. Re4 Nxe6 40. fxe6 Nd8 41. Rde1 Kf8 42. d4 cxd4 43. Bxd4 b5 44. Bb6 Nb7 45. Rf1+ Ke8 46. Rc1 Kf8 47. Re2 Bf4 48. Rc6 g5 49. Bd4 a5 50. a3 Rc7 51. Rb6 Nd6 52. Bf6 Rc1+ 53. Kg2 Nf5 54. Rxb5 Nh4+ 55. Kf2 Rh1 56. Reb2 Rxh2+ 57. Kf1 Rh1+ 58. Ke2 g4 59. Rb8+ Bxb8 60. Rxb8# 1-0

[Event "Bruges Masters 2018"]
[Site "Brugge"]
[Date "2018.08.16"]
[Round "2"]
[White "Ravi, Teja S."]
[Black "Boffa, Mauro"]
[Result "1/2-1/2"]
[ECO "D02"]
[WhiteElo "2374"]
[BlackElo "2216"]
[Annotator "ChessBase"]
[PlyCount "41"]
[EventDate "2018.08.12"]
[EventType "swiss"]
[EventCountry "BEL"]
[SourceTitle "playchess.com"]
[Source "ChessBase"]
[SourceQuality "1"]
[TimeControl "5400+30"]

1. d4 e6 2. Nf3 d5 3. Bf4 Bd6 4. Bxd6 Qxd6 5. Nbd2 Nf6 6. e3 Nbd7 7. c4 O-O 8. cxd5 exd5 9. Bd3 b6 10. O-O Bb7 11. Rc1 c5 12. dxc5 bxc5 13. Qb3 c4 14. Qxb7 Rfb8 15. Qxa8 Rxa8 16. Be2 Nc5 17. b3 cxb3 18. axb3 Nce4 19. Nxe4 Nxe4 20. Nd4 g6 21. Ra1 1/2-1/2

[Event "Bruges Masters 2018"]
[Site "Brugge"]
[Date "2018.08.16"]
[Round "2"]
[White "Bisby, Daniel L"]
[Black "Nikolov, Momchil"]
[Result "1/2-1/2"]
[ECO "B30"]
[WhiteElo "2314"]
[BlackElo "2549"]
[Annotator "ChessBase"]
[PlyCount "124"]
[EventDate "2018.08.12"]
[EventType "swiss"]
[EventCountry "BEL"]
[SourceTitle "playchess.com"]
[Source "ChessBase"]
[SourceQuality "1"]
[TimeControl "5400+30"]

1. e4 c5 2. Nf3 e6 3. d3 Nc6 4. g3 g6 5. Bg5 Qc7 6. Bg2 Bg7 7. Nc3 Nge7 8. Qd2 h6 9. Be3 Nd4 10. O-O a6 11. Ne1 b6 12. Nd1 Bb7 13. c3 Ndc6 14. f4 f5 15. Nf3 d6 16. Bf2 O-O 17. Ne3 Rad8 18. Qc2 e5 19. Nd5 Nxd5 20. exd5 Nb8 21. c4 Nd7 22. Rae1 Kh7 23. Re2 Rde8 24. Rfe1 Qd8 25. Be3 Bc8 26. fxe5 Nxe5 27. Bf4 Nf7 28. h4 Bd7 29. b3 Qf6 30. Rxe8 Rxe8 31. Rxe8 Bxe8 32. Qe2 Bd7 33. Bd2 g5 34. hxg5 hxg5 35. Qe3 g4 36. Ng5+ Nxg5 37. Qxg5 Qxg5 38. Bxg5 Be5 39. Kf2 b5 40. Bf4 b4 41. Bf1 a5 42. Be2 a4 43. Bd1 a3 44. Bc2 Kg6 45. Kg2 Kh5 46. Be3 Be8 47. Bd2 Bg6 48. Be3 Bh7 49. Bd2 Bg6 50. Be3 f4 51. gxf4 Bc3 52. Bf2 Bd2 53. Bg3 Bf5 54. Kf2 Bc3 55. Ke2 Bf6 56. Kf2 Bd4+ 57. Kg2 Be3 58. Kf1 Bc1 59. Ke2 Bb2 60. Bb1 Bf6 61. Bc2 Bh4 62. Kf2 Bf6 1/2-1/2

[Event "Bruges Masters 2018"]
[Site "Brugge"]
[Date "2018.08.16"]
[Round "2"]
[White "Townsend, M Paul"]
[Black "Koziak, Vitali"]
[Result "1-0"]
[ECO "A87"]
[WhiteElo "2246"]
[BlackElo "2476"]
[Annotator "ChessBase"]
[PlyCount "111"]
[EventDate "2018.08.12"]
[EventType "swiss"]
[EventCountry "BEL"]
[SourceTitle "playchess.com"]
[Source "ChessBase"]
[SourceQuality "1"]
[TimeControl "5400+30"]

1. d4 f5 2. g3 Nf6 3. Bg2 g6 4. Nf3 Bg7 5. O-O O-O 6. b3 d6 7. Bb2 e6 8. c4 Ne4 9. Nc3 Nxc3 10. Bxc3 Nc6 11. Rc1 e5 12. dxe5 dxe5 13. Qd5+ Kh8 14. Qxd8 Rxd8 15. Ng5 Re8 16. Bxc6 bxc6 17. Rfd1 Kg8 18. Ba5 h6 19. Nf3 Re7 20. Rd8+ Kf7 21. Rcd1 g5 22. Ne1 Bf6 23. Nc2 f4 24. e4 a6 25. f3 g4 26. Ne1 h5 27. Bb4 Re6 28. Rf8+ Kg7 29. fxg4 hxg4 30. Ng2 fxg3 31. hxg3 Bg5 32. Rdf1 Rf6 33. R1xf6 Bxf6 34. Ne3 Bb7 35. Rxa8 Bxa8 36. c5 Bb7 37. Bc3 Bc8 38. Nc4 Be6 39. Nxe5 a5 40. Kf2 Kg8 41. Ke3 a4 42. bxa4 Bxa2 43. a5 Bxe5 44. Bxe5 Bc4 45. Kf4 Be2 46. Bxc7 Kf7 47. Ke5 Ke7 48. Bd6+ Kf7 49. Kf4 Ke6 50. Be5 Kd7 51. Kf5 Bd3 52. Bf6 Kc7 53. Kxg4 Bxe4 54. Kg5 Bd3 55. Be5+ Kb7 56. g4 1-0

[Event "Bruges Masters 2018"]
[Site "Brugge"]
[Date "2018.08.16"]
[Round "2"]
[White "Faure, Stephane"]
[Black "Shyaamnikhil P"]
[Result "0-1"]
[ECO "B90"]
[WhiteElo "2116"]
[BlackElo "2389"]
[Annotator "ChessBase"]
[PlyCount "52"]
[EventDate "2018.08.12"]
[EventType "swiss"]
[EventCountry "BEL"]
[SourceTitle "playchess.com"]
[Source "ChessBase"]
[SourceQuality "1"]
[TimeControl "5400+30"]

1. e4 c5 2. Nf3 d6 3. d4 Nf6 4. Nc3 cxd4 5. Nxd4 a6 6. Be3 e5 7. Nb3 Be6 8. f3 h5 9. Qd2 Nbd7 10. O-O-O Rc8 11. Kb1 Nb6 12. Na5 Qc7 13. h4 d5 14. Bxb6 Qxb6 15. Nxd5 Bxd5 16. exd5 Bb4 17. Qg5 Bxa5 18. Qxe5+ Kf8 19. Qf5 Rc5 20. c4 Bc3 21. Qc2 Be5 22. Be2 g6 23. g4 hxg4 24. fxg4 Ne4 25. Rh3 Nd6 26. Re3 Rxc4 0-1

[Event "Bruges Masters 2018"]
[Site "Brugge"]
[Date "2018.08.16"]
[Round "2"]
[White "Barzeele, Raf"]
[Black "Mehar, Chinna Reddy C H"]
[Result "0-1"]
[ECO "A11"]
[WhiteElo "2009"]
[BlackElo "2345"]
[Annotator "NA"]
[PlyCount "108"]
[EventDate "2018.08.12"]
[EventType "swiss"]
[EventCountry "BEL"]
[SourceTitle "playchess.com"]
[Source "ChessBase"]
[SourceQuality "1"]
[TimeControl "5400+30"]

1. c4 c6 2. Nf3 d5 3. g3 Bg4 4. Ne5 Be6 5. d4 Nd7 6. Bg2 Nxe5 7. dxe5 dxc4 8. Qc2 Qa5+ 9. Nc3 Qxe5 10. Bf4 Qa5 11. O-O Nf6 12. e4 g6 13. Rfe1 Bg7 14. Bd2 Qc7 15. Ne2 O-O 16. Nf4 Qc8 17. Rad1 Bg4 18. f3 e5 19. Nxg6 hxg6 20. fxg4 Nxg4 21. h3 Nf6 22. Qxc4 Qc7 23. Be3 Rad8 24. Bf3 Nh7 25. Kh2 Bf6 26. h4 Kg7 27. Qc1 Rxd1 28. Rxd1 Rd8 29. Rxd8 Bxd8 30. Qd2 Be7 31. Bg4 Nf6 32. Bf3 b6 33. Bg5 Ne8 34. Be3 Bc5 35. Bxc5 bxc5 36. h5 Qd6 37. Qe2 Qd4 38. hxg6 fxg6 39. b3 Nd6 40. Qa6 Qf2+ 41. Bg2 Nxe4 42. Qxc6 Qxg3+ 43. Kg1 Qe3+ 44. Kh2 Qf4+ 45. Kg1 Ng3 46. Qb5 e4 47. Qc4 Qe5 48. Qa6 e3 49. Qa5 e2 50. Kf2 Qd4+ 51. Kf3 Qd1 52. Qc7+ Kf6 53. Qc6+ Kg5 54. Qxc5+ Nf5 0-1

[Event "Bruges Masters 2018"]
[Site "Brugge"]
[Date "2018.08.16"]
[Round "3"]
[White "Turner, Matthew J"]
[Black "Gonzales, Jayson"]
[Result "1-0"]
[ECO "D00"]
[WhiteElo "2533"]
[BlackElo "2383"]
[Annotator "ChessBase"]
[PlyCount "135"]
[EventDate "2018.08.12"]
[EventType "swiss"]
[EventCountry "BEL"]
[SourceTitle "playchess.com"]
[Source "ChessBase"]
[SourceQuality "1"]
[TimeControl "5400+30"]

1. d4 d5 2. Bg5 Nc6 3. e3 f6 4. Bh4 e5 5. Bb5 exd4 6. exd4 Bd6 7. Qh5+ Kf8 8. c3 Nge7 9. Ne2 Bf5 10. Bg3 Qd7 11. Bxd6 Qxd6 12. O-O Bg6 13. Qf3 Nd8 14. Bd3 Ne6 15. h4 Re8 16. Nd2 c6 17. Rae1 Kf7 18. g3 Rhf8 19. Nc1 Nc7 20. h5 Bxd3 21. Nxd3 Kg8 22. Qg4 b6 23. Nf3 Qd8 24. Nh4 Qc8 25. Qf4 Qd7 26. Re3 Nb5 27. Rfe1 Nd6 28. f3 Nec8 29. g4 Rxe3 30. Rxe3 Nc4 31. Re2 N8d6 32. Kf2 Re8 33. Rxe8+ Nxe8 34. Qb8 Kf8 35. Nf5 g6 36. hxg6 hxg6 37. Ne3 Ncd6 38. Qa8 a5 39. b4 Qb7 40. Qxb7 Nxb7 41. b5 cxb5 42. Nxd5 Kf7 43. Nxb6 Nc7 44. Nf4 Nd6 45. Ke2 g5 46. Nfd5 Na6 47. Ne3 Ke6 48. Kd3 Nc7 49. a4 f5 50. gxf5+ Nxf5 51. d5+ Ke5 52. Nxf5 Kxf5 53. d6 Ne6 54. axb5 Kf4 55. Ke2 Ke5 56. Nc4+ Kd5 57. Nxa5 Kxd6 58. b6 Nf4+ 59. Ke3 Nd5+ 60. Kd4 Nf6 61. c4 Nd7 62. Nb3 Kc6 63. c5 Nf6 64. Na5+ Kd7 65. c6+ Kd6 66. c7 Kd7 67. Nc4 Ne8 68. Ke4 1-0

[Event "Bruges Masters 2018"]
[Site "Brugge"]
[Date "2018.08.16"]
[Round "3"]
[White "Wan, Yunguo"]
[Black "Townsend, M Paul"]
[Result "1-0"]
[ECO "B06"]
[WhiteElo "2501"]
[BlackElo "2246"]
[Annotator "RC"]
[PlyCount "31"]
[EventDate "2018.08.12"]
[EventType "swiss"]
[EventCountry "BEL"]
[SourceTitle "playchess.com"]
[Source "ChessBase"]
[SourceQuality "1"]
[TimeControl "5400+30"]

1. e4 g6 2. d4 Bg7 3. Nc3 d6 4. Bg5 a6 5. f4 b5 6. Nf3 Nd7 7. Bd3 c5 8. e5 f6 9. Be4 Rb8 10. Bh4 Bb7 11. Bxb7 Rxb7 12. Qe2 dxe5 13. dxe5 Nh6 14. O-O-O Qb8 15. Nd5 Nf5 16. exf6 1-0

[Event "Bruges Masters 2018"]
[Site "Brugge"]
[Date "2018.08.16"]
[Round "3"]
[White "Shyaamnikhil P"]
[Black "Van Foreest, Lucas"]
[Result "1-0"]
[ECO "B20"]
[WhiteElo "2389"]
[BlackElo "2488"]
[Annotator "ChessBase"]
[PlyCount "85"]
[EventDate "2018.08.12"]
[EventType "swiss"]
[EventCountry "BEL"]
[SourceTitle "playchess.com"]
[Source "ChessBase"]
[SourceQuality "1"]
[TimeControl "5400+30"]

1. g3 c5 2. Bg2 Nc6 3. e4 e6 4. Ne2 g6 5. d4 cxd4 6. Nxd4 Nge7 7. Nb5 d5 8. exd5 Nxd5 9. c4 Nb6 10. Qxd8+ Kxd8 11. N1a3 Bb4+ 12. Ke2 Ke7 13. Be3 Bd7 14. b3 Nc8 15. Nc2 Ba5 16. Rad1 Rd8 17. Bc5+ Kf6 18. b4 Bb6 19. Nc3 Bxc5 20. Ne4+ Ke7 21. Nxc5 Rb8 22. Nxd7 Rxd7 23. c5 a6 24. a3 N8a7 25. Rxd7+ Kxd7 26. Ke3 a5 27. Rd1+ Kc7 28. Bf1 axb4 29. axb4 Ne7 30. b5 Nac8 31. Nb4 Nd5+ 32. Nxd5+ exd5 33. Rxd5 Ne7 34. Rd2 b6 35. Bh3 f5 36. c6 Rd8 37. Rxd8 Kxd8 38. Kd4 Nc8 39. Ke5 Ke7 40. g4 Nd6 41. gxf5 gxf5 42. c7 Nc4+ 43. Kd5 1-0

[Event "Bruges Masters 2018"]
[Site "Brugge"]
[Date "2018.08.16"]
[Round "3"]
[White "Mehar, Chinna Reddy C H"]
[Black "Zeng, Chongsheng"]
[Result "1/2-1/2"]
[ECO "A45"]
[WhiteElo "2345"]
[BlackElo "2539"]
[Annotator "ChessBase"]
[PlyCount "80"]
[EventDate "2018.08.12"]
[EventType "swiss"]
[EventCountry "BEL"]
[SourceTitle "playchess.com"]
[Source "ChessBase"]
[SourceQuality "1"]
[TimeControl "5400+30"]

1. d4 Nf6 2. Bf4 g6 3. Nc3 d5 4. e3 Bg7 5. h4 h6 6. Be2 c5 7. Nb5 Na6 8. Nf3 O-O 9. Ne5 Bd7 10. a4 Ne4 11. O-O Bxb5 12. axb5 Nc7 13. f3 Nd6 14. dxc5 Nf5 15. c6 b6 16. e4 Ne6 17. exf5 Nxf4 18. Nd7 gxf5 19. Ra4 d4 20. Bc4 Re8 21. g3 Nh5 22. Kg2 e6 23. f4 Nf6 24. Nxf6+ Bxf6 25. Kh3 Qc7 26. Qf3 Kh7 27. Bd3 Kg7 28. Rg1 Rg8 29. g4 Kf8 30. Raa1 fxg4+ 31. Rxg4 Ke7 32. Rag1 Rxg4 33. Rxg4 Rf8 34. b3 Qd6 35. Qe4 Qc5 36. f5 Kd6 37. fxe6 fxe6 38. Qf4+ Qe5 39. Qxe5+ Bxe5 40. Rg6 Rf6 1/2-1/2